 Dungeon Crawl Stone Soup version 0.21.1-1-g345015f (webtiles) character file.

2505 Mesmaeker13 the Magician (level 9, 0/69 (70) HPs)
             Began as a Gnoll Skald on July 25, 2018.
             Was an Initiate of Okawaru.
             Slain by an ufetubus (3 damage)
             ... summoned by Eustachio
             ... on level 6 of the Dungeon.
             The game lasted 00:13:43 (9131 turns).

Mesmaeker13 the Magician (Gnoll Skald)              Turns: 9131, Time: 00:13:44

HP:   0/69 (70)     AC: 12    Str: 16    XL:     9   Next: 53%
MP:   19/19         EV:  7    Int: 17    God:    Okawaru [......]
Gold: 258           SH:  9    Dex: 14    Spells: 18/21 levels left

rFire    . . .     SeeInvis .   e - +2 whip (flame)
rCold    . . .     Gourm    .   t - +0 shield
rNeg     . . .     Faith    .   k - +0 chain mail
rPois    .         Spirit   .   o - +0 helmet
rElec    .         Reflect  .   v - +0 cloak
rCorr    .         Harm     .   (no gloves)
MR       +....                  (no boots)
Stlth    +.........             (no amulet)
HPRegen  0.21/turn              m - ring of stealth
MPRegen  0.16/turn              g - ring of protection from magic

@: lethally poisoned (0 -> -4)
A: distributed training, fangs 1, strong nose
a: Renounce Religion


You were on level 6 of the Dungeon.
You worshipped Okawaru.
Okawaru was noncommittal.
You were not hungry.

You visited 2 branches of the dungeon, and saw 7 of its levels.

You collected 258 gold pieces.

Inventory:

Hand Weapons
 e - a +2 whip of flaming (weapon)
 j - a +0 scimitar
Missiles
 s - 2 javelins of penetration (quivered)
Armour
 i - a +0 plate armour
 k - a +0 chain mail (worn)
 o - a +0 helmet (worn)
 t - a +0 shield (worn)
 v - a +0 cloak (worn)
Jewellery
 g - a ring of protection from magic (right hand)
 m - a ring of stealth (left hand)
Wands
 q - a wand of random effects (27)
Scrolls
 a - a scroll of acquirement {unknown}
 b - 2 scrolls of remove curse
 h - 2 scrolls of enchant weapon
 l - a scroll of identify {unknown}
 n - a scroll of immolation {unknown}
 p - a scroll of magic mapping
 u - a scroll of blinking
Potions
 f - a potion of might
Books
 c - a book of Battle

   Spells                             Type                      Level
   a - Infusion                       Charms                       1
   b - Shroud of Golubria             Charms/Translocation         2
   c - Song of Slaying                Charms                       2
   d - Spectral Weapon                Hexes/Charms                 3
   e - Regeneration                   Charms/Necromancy            3
Comestibles
 d - 11 rations
 x - 2 chunks of flesh


   Skills:
 + Level 6.3 Fighting
 + Level 4.2 Short Blades
 + Level 4.2 Long Blades
 + Level 6.3 Axes
 + Level 4.2 Maces & Flails
 + Level 4.2 Polearms
 + Level 4.2 Staves
 + Level 4.2 Slings
 + Level 4.2 Bows
 + Level 4.2 Crossbows
 + Level 4.2 Throwing
 + Level 5.0 Armour
 + Level 6.3 Dodging
 + Level 4.2 Stealth
 + Level 4.2 Shields
 + Level 4.2 Unarmed Combat
 + Level 6.6 Spellcasting
 + Level 3.5 Conjurations
 + Level 3.5 Hexes
 + Level 6.5 Charms
 + Level 3.5 Summonings
 + Level 3.5 Necromancy
 + Level 3.5 Translocations
 + Level 3.5 Transmutations
 + Level 3.5 Fire Magic
 + Level 3.5 Ice Magic
 + Level 3.5 Air Magic
 + Level 3.5 Earth Magic
 + Level 3.5 Poison Magic
 + Level 4.7 Invocations
 + Level 4.2 Evocations


You had 18 spell levels left.
You knew the following spells:

 Your Spells              Type           Power        Failure   Level  Hunger
a - Infusion              Chrm           ####         43%         1    None
b - Song of Slaying       Chrm           ####....     58%         2    None


Dungeon Overview and Level Annotations

Branches:
Dungeon (6/15)             Temple (1/1) D:5

Altars:
Ashenzari
Cheibriados
Dithmenos
Elyvilon
Fedhas
Gozag
Hepliaklqana
Kikubaaqudgha
Makhleb
Nemelex Xobeh
Okawaru
Qazlal
Ru
Trog
Uskayaw
Vehumet
Wu Jian
Xom
Yredelemnul
Zin
The Shining One

Annotations:
D:6 Eustachio, Prince Ribbit


Innate Abilities, Weirdness & Mutations

Your experience applies equally to all skills.
You have very sharp teeth.
Your uncanny sense of smell can sniff out nearby items.


Message History

Unknown command.
* * * LOW HITPOINT WARNING * * *
You feel sick. You block the ufetubus's attack.
The ufetubus hits you but does no damage.
The iron imp hits you but does no damage.
* * * LOW HITPOINT WARNING * * *
You feel sick. You block the ufetubus's attack. The ufetubus barely misses you.
You block the ufetubus's attack.
The ufetubus hits you but does no damage.
* * * LOW HITPOINT WARNING * * *
You feel sick.
Found 8 gold pieces.
* * * LOW HITPOINT WARNING * * *
You feel sick.
The ufetubus hits you but does no damage.
You block the ufetubus's attack. The shadow imp spits at you.
* * * LOW HITPOINT WARNING * * *
You feel sick. The ufetubus hits you.
You die...

P...#
##+####......
............
...........
..$.......#
..........#
..........#
..........#
.......@♣♣#
.......5P≈#
....♣≈..≈♣♣
...♣≈..55≈♣♣#
≈♣♣P≈≈.@.≈≈≈♣
≈≈≈≈≈.(.≈≈≈≈♣
≈≈≈≈≈....≈≈P♣
≈≈≈≈≈≈..≈≈≈♣♣
♣≈≈≈≈♣≈..≈≈♣


You could see Eustachio, an iron imp, a shadow imp and an ufetubus.

Vanquished Creatures
  Pikel (D:4)
  Menkaure (D:4)
  The ghost of dscm the Digger, an amateur OpEE (D:4)
  Duvessa (D:5)
  A sky beast (D:5)
  A slave (D:2)
  An orc warrior (D:4)
  2 ogres
  A necrophage (D:4)
  3 centaurs
  2 bullfrogs (D:6)
  Dowan (D:5)
  2 wyvern skeletons
  A scorpion (D:3)
  A centaur zombie (D:3)
  2 hounds
  A jelly (D:4)
  2 orc wizards
  Crazy Yiuf (D:4)
  4 orc priests
  A centaur skeleton (D:5)
  An iguana (D:3)
  A worker ant (D:5)
  Robin (D:4)
  16 adders
  A howler monkey skeleton (D:6)
  An adder zombie (D:5)
  3 worms
  2 dart slugs (D:1)
  5 leopard geckos
  12 orcs
  10 bats
  7 giant cockroaches
  14 goblins
  9 hobgoblins
  14 jackals
  3 kobolds
  3 quokkas
  4 ball pythons
  9 frilled lizards
  3 rats
150 creatures vanquished.

Vanquished Creatures (others)
  A crimson imp (D:3)
1 creature vanquished.

Grand Total: 151 creatures vanquished

Notes
Turn   | Place    | Note
-------+----------+-------------------------------------------
     0 | D:1      | Mesmaeker13 the Gnoll Skald began the quest for the Orb.
     0 | D:1      | Reached XP level 1. HP: 20/20 MP: 6/6
   249 | D:1      | Reached XP level 2. HP: 26/26 MP: 7/7
   572 | D:1      | Reached XP level 3. HP: 31/31 MP: 9/9
   574 | D:1      | Reached skill level 5 in Spellcasting
  1327 | D:2      | Reached skill level 1 in Invocations
  1670 | D:2      | Reached skill level 1 in Short Blades
  1670 | D:2      | Reached skill level 1 in Long Blades
  1670 | D:2      | Reached skill level 1 in Maces & Flails
  1670 | D:2      | Reached skill level 1 in Polearms
  1670 | D:2      | Reached skill level 1 in Staves
  1670 | D:2      | Reached skill level 1 in Slings
  1670 | D:2      | Reached skill level 1 in Bows
  1670 | D:2      | Reached skill level 1 in Crossbows
  1670 | D:2      | Reached skill level 1 in Throwing
  1670 | D:2      | Reached skill level 1 in Stealth
  1670 | D:2      | Reached skill level 1 in Shields
  1670 | D:2      | Reached skill level 1 in Unarmed Combat
  1670 | D:2      | Reached skill level 1 in Evocations
  1670 | D:2      | Reached XP level 4. HP: 9/38 MP: 11/11
  1943 | D:2      | Reached skill level 1 in Conjurations
  1943 | D:2      | Reached skill level 1 in Hexes
  1943 | D:2      | Reached skill level 1 in Summonings
  1943 | D:2      | Reached skill level 1 in Necromancy
  1943 | D:2      | Reached skill level 1 in Translocations
  1943 | D:2      | Reached skill level 1 in Transmutations
  1943 | D:2      | Reached skill level 1 in Fire Magic
  1943 | D:2      | Reached skill level 1 in Ice Magic
  1943 | D:2      | Reached skill level 1 in Air Magic
  1943 | D:2      | Reached skill level 1 in Earth Magic
  1943 | D:2      | Reached skill level 1 in Poison Magic
  2063 | D:2      | Reached XP level 5. HP: 36/43 MP: 12/12
  2332 | D:3      | Found a faded altar of an unknown god.
  2890 | D:3      | Learned a level 2 spell: Song of Slaying
  2983 | D:3      | Reached XP level 6. HP: 20/50 MP: 10/13
  3664 | D:3      | Reached skill level 5 in Fighting
  3664 | D:3      | Reached skill level 5 in Axes
  3664 | D:3      | Reached skill level 5 in Dodging
  3820 | D:4      | Found a glowing silver altar of Zin.
  3955 | D:4      | Noticed Pikel
  3955 | D:4      | Noticed a slave
  3955 | D:4      | Noticed a slave
  3955 | D:4      | Noticed a slave
  3955 | D:4      | Noticed a slave
  4005 | D:2      | Killed a slave
  4464 | D:4      | Found a runed door.
  4501 | D:4      | Killed Pikel
  4501 | D:4      | Reached XP level 7. HP: 29/56 MP: 15/15
  4681 | D:4      | Noticed Robin
  4699 | D:4      | Killed Robin
  4699 | D:4      | Reached XP level 8. HP: 58/63 MP: 16/16
  4866 | D:5      | Entered Level 5 of the Dungeon
  5684 | D:4      | Found a shattered altar of Ashenzari.
  5686 | D:4      | Found a radiant altar of Vehumet.
  5859 | D:4      | Noticed dscm's ghost (amateur OpEE)
  5881 | D:4      | Killed dscm's ghost
  6076 | D:4      | Noticed Menkaure
  6087 | D:4      | Killed Menkaure
  7159 | D:4      | Noticed Crazy Yiuf
  7165 | D:4      | Killed Crazy Yiuf
  7238 | D:5      | Reached XP level 9. HP: 51/69 MP: 18/18
  8384 | D:5      | Found a staircase to the Ecumenical Temple.
  8390 | Temple   | Entered the Ecumenical Temple
  8482 | Temple   | Became a worshipper of Warmaster Okawaru
  8641 | D:5      | Noticed Duvessa
  8641 | D:5      | Noticed Dowan
  8666 | D:5      | Killed Duvessa
  8672 | D:5      | Killed Dowan
  9024 | D:6      | Reached skill level 5 in Armour
  9107 | D:6      | Noticed Prince Ribbit
  9110 | D:6      | Noticed Eustachio
  9129 | D:6      | HP: 3/69 [poisoned by Eustachio]
  9131 | D:6      | Slain by an ufetubus

Skill      XL: |  1  2  3  4  5  6  7  8  9 |
---------------+----------------------------+-----
Spellcasting   | 5 6 |  6.6
Invocations    | 1 3 4 |  4.7
Short Blades   | 1 2 3 4 |  4.2
Long Blades    | 1 2 3 4 |  4.2
Maces & Flails | 1 2 3 4 |  4.2
Polearms       | 1 2 3 4 |  4.2
Staves         | 1 2 3 4 |  4.2
Slings         | 1 2 3 4 |  4.2
Bows           | 1 2 3 4 |  4.2
Crossbows      | 1 2 3 4 |  4.2
Throwing       | 1 2 3 4 |  4.2
Stealth        | 1 2 3 4 |  4.2
Shields        | 1 2 3 4 |  4.2
Unarmed Combat | 1 2 3 4 |  4.2
Evocations     | 1 2 3 4 |  4.2
Conjurations   | 1 2 3 |  3.5
Hexes          | 1 2 3 |  3.5
Summonings     | 1 2 3 |  3.5
Necromancy     | 1 2 3 |  3.5
Translocations | 1 2 3 |  3.5
Transmutations | 1 2 3 |  3.5
Fire Magic     | 1 2 3 |  3.5
Ice Magic      | 1 2 3 |  3.5
Air Magic      | 1 2 3 |  3.5
Earth Magic    | 1 2 3 |  3.5
Poison Magic   | 1 2 3 |  3.5
Armour         | 3 4 5 |  5.0
Fighting       | 5 6 |  6.3
Axes           | 5 6 |  6.3
Dodging        | 5 6 |  6.3
Charms         | 6 |  6.5

Action                   |  1- 3 |  4- 6 |  7- 9 || total
-------------------------+-------+-------+-------++-------
Melee: Hand axe          |   131 |   217 |       ||   348
       Bite              |    12 |    19 |    48 ||    79
       Punch             |       |     1 |       ||     1
       Whip              |       |       |   405 ||   405
Throw: Javelin           |       |     3 |     5 ||     8
 Cast: Infusion          |       |     1 |       ||     1
Evoke: Wand              |       |       |     7 ||     7
  Use: Scroll            |     3 |     1 |     6 ||    10
       Potion            |     1 |       |     2 ||     3
 Stab: Invisible         |     1 |       |       ||     1
       Sleeping          |     1 |       |       ||     1
  Eat: Chunk             |     2 |     9 |    12 ||    23
       Ration            |       |       |     1 ||     1
Armor: Leather armour    |    16 |       |       ||    16
       Chain mail        |   100 |   132 |   207 ||   439
Dodge: Dodged            |   141 |   108 |   130 ||   379
Block: Shield            |       |       |   140 ||   140
